 Dungeon Crawl Stone Soup version 0.19-a0-49-gb8736b8 (webtiles) character file.

178 Mefis the Magician (level 5, 0/28 HPs)
             Began as a Deep Elf Wizard on May 6, 2016.
             Slain by Mefis's ghost (3 damage)
             ... on level 4 of the Dungeon.
             The game lasted 00:16:30 (4659 turns).

Mefis the Magician (Deep Elf Wizard)                Turns: 4659, Time: 00:16:30

Health: 0/28       AC:  2    Str:  9    XL:     5   Next: 32%
Magic:  8/15       EV: 13    Int: 29    God:
Gold:   234        SH:  0    Dex: 13    Spells: 7 memorised, 0 levels left

rFire  . . .     SeeInvis .     s - -2 dagger (curse)
rCold  . . .     Gourm    .     a - +0 robe
rNeg   . . .     Faith    .     (no shield)
rPois  .         Spirit   .     b - +0 hat
rElec  .         Dismiss  .     (no cloak)
rCorr  .         Reflect  .     (no gloves)
SustAt .         Harm     .     (no boots)
MR     .....                    (no amulet)
Stlth  +.........               (no ring)
                                (no ring)

@: confused, mighty, brilliant, repel missiles, drained, invisible, not
resistant to hostile enchantments, very unstealthy
A: no striking features
a: no special abilities


You were on level 4 of the Dungeon.
You were not hungry.

You visited 1 branch of the dungeon, and saw 4 of its levels.

You collected 234 gold pieces.

Inventory:

Hand Weapons
 e - a +2 whip of draining
 s - a cursed -2 dagger (weapon)
 w - a +0 short sword of draining
Missiles
 f - 26 poisoned needles
Armour
 a - a +0 robe (worn)
 b - a +0 hat (worn)
Scrolls
 g - a scroll of amnesia
 i - a scroll of blinking
 j - a scroll of enchant weapon
 l - a scroll of teleportation
 n - a scroll of fog {unknown}
 o - 2 scrolls of recharging
 r - a scroll of enchant armour {unknown}
 t - 2 scrolls of fear
Potions
 m - a potion of degeneration {unknown}
 p - a potion of brilliance
 u - a potion of magic {unknown}
 v - a potion of flight {unknown}
Books
 c - a book of Minor Magic

   Spells                             Type                      Level
   a - Magic Dart                     Conjuration                  1
   b - Blink                          Translocation                2
   c - Call Imp                       Summoning                    2
   d - Repel Missiles                 Charms/Air                   2
   e - Slow                           Hexes                        2
   f - Conjure Flame                  Conjuration/Fire             3
   g - Mephitic Cloud                 Conjuration/Poison/Air       3
Comestibles
 d - 3 bread rations
 q - a royal jelly


   Skills:
 + Level 3.9(3.7) Dodging
 + Level 4.0(3.8) Stealth
 + Level 5.7(5.4) Spellcasting
 + Level 2.3(2.1) Conjurations
 + Level 1.9(1.7) Summonings
 - Level 1.1(0.8) Translocations


You couldn't memorise any spells.
You knew the following spells:

 Your Spells              Type           Power        Failure   Level  Hunger
a - Magic Dart            Conj           ####         1%          1    None
b - Call Imp              Summ           #####...     1%          2    None
c - Blink                 Tloc           N/A          1%          2    None
d - Repel Missiles        Chrm/Air       ####..       1%          2    None
e - Mephitic Cloud        Conj/Pois/Air  ####....     1%          3    None
f - Conjure Flame         Conj/Fire      ####....     1%          3    None
g - Slow                  Hex            ####....     1%          2    None


Dungeon Overview and Level Annotations

Branches:
Dungeon (4/15)
 Temple: D:4-7

Altars:
Okawaru
Trog
Vehumet
Zin
The Shining One

Annotations:
D:4 Mefis's ghost, amateur DEWz


Message History

The crimson imp blinks!
A hound comes into view.
Drink which item? (? for menu, Esc to quit)
It was a potion of brilliance.
You feel clever all of a sudden.
You are engulfed in noxious fumes.
You choke on the stench!
You are more confused.
* * * LOW HITPOINT WARNING * * *
Your shadow imp misses Mefis's ghost.
Mefis's ghost barely misses you.
Your crimson imp blinks!
You're too confused to cast spells.
Drink which item? (? for menu, Esc to quit)
It was a potion of might.
You feel very mighty all of a sudden. Mefis's ghost closely misses you.
Drink which item? (? for menu, Esc to quit)
It was a potion of invisibility.
You fade into invisibility!
Mefis's ghost hits you.
You die...

....% ... ...
... # #.# ##..
#.# #.% #.# ...
#.####w##.#
#...§@5...#
......hW5<†.#
...#........# 5
#...........
..?..........#
.#.........##...
. #...#######
#.. ...# . #.#


You could see a worm, a hound, Mefis's ghost, a crimson imp, a friendly crimson
imp and a friendly shadow imp.

Vanquished Creatures
  Robin (D:3)
  2 adders
  4 gnolls (D:3)
  An ooze (D:3)
  2 worms (D:2)
  A dart slug (D:2)
  3 giant geckos
  5 orcs (D:3)
  A ball python (D:2)
  A giant cockroach (D:3)
  12 goblins
  9 hobgoblins
  10 jackals
  A quokka (D:2)
  7 bats
  5 giant newts
  10 kobolds
  6 rats
81 creatures vanquished.

Vanquished Creatures (collateral kills)
  3 orcs (D:3)
  3 goblins (D:3)
  A hobgoblin (D:3)
  2 jackals (D:2)
  A kobold (D:2)
  A quokka (D:4)
11 creatures vanquished.

Grand Total: 92 creatures vanquished

Notes
Turn   | Place    | Note
--------------------------------------------------------------
     0 | D:1      | Mefis the Deep Elf Wizard began the quest for the Orb.
     0 | D:1      | Reached XP level 1. HP: 10/10 MP: 7/7
   266 | D:1      | Reached XP level 2. HP: 15/15 MP: 7/9
   275 | D:1      | Learned a level 2 spell: Call Imp
   278 | D:1      | Learned a level 2 spell: Blink
   281 | D:1      | Learned a level 2 spell: Repel Missiles
  1025 | D:1      | Reached XP level 3. HP: 18/19 MP: 3/11
  2141 | D:2      | Found a glowing golden altar of the Shining One.
  2165 | D:2      | Reached skill level 5 in Spellcasting
  2553 | D:2      | Found a glowing silver altar of Zin.
  2567 | D:2      | Found a radiant altar of Vehumet.
  2567 | D:2      | Found a bloodstained altar of Trog.
  2567 | D:2      | Found an iron altar of Okawaru.
  2787 | D:3      | Reached XP level 4. HP: 24/24 MP: 8/13
  2881 | D:3      | Noticed Robin
  2902 | D:2      | Learned a level 3 spell: Mephitic Cloud
  2906 | D:2      | Learned a level 3 spell: Conjure Flame
  3380 | D:3      | Killed Robin
  3903 | D:3      | Reached XP level 5. HP: 28/28 MP: 13/15
  3907 | D:3      | Learned a level 2 spell: Slow
  4647 | D:4      | Noticed Mefis's ghost (amateur DEWz)
  4659 | D:4      | Slain by Mefis's ghost

Vault maps used:
D:1:      sevenhm_arrival_forest_fort_large_4, minmay_parallelograms
D:2:      minitemple, old_standard_altar
D:3:      first_bread, st_stairs_12, uniq_robin

Skill      XL: |  1  2  3  4  5 |
---------------+----------------+-----
Dodging        | 3 |  3.9
Stealth        | 3 4 |  4.0
Spellcasting   | 5 |  5.7
Conjurations   | 2 |  2.3
Summonings     | |  1.9
Translocations | |  1.1

Action                   |  1- 3 |  4- 6 || total
-------------------------+-------+-------++-------
Melee: Whip              |    24 |     2 ||    26
 Cast: Magic Dart        |    94 |   110 ||   204
       Repel Missiles    |     1 |       ||     1
       Call Imp          |     2 |     8 ||    10
       Blink             |     2 |     2 ||     4
  Use: Scroll            |       |     6 ||     6
       Potion            |       |     3 ||     3
 Stab: Sleeping          |     2 |     1 ||     3
  Eat: Chunk             |     4 |     7 ||    11
Armor: Robe              |     5 |     2 ||     7
Dodge: Dodged            |    32 |    21 ||    53
